 Dungeon Crawl Stone Soup version 0.32-a0-799-g95e1662365 (webtiles) character file.

Game seed: 7217841622326799969

78 cforsyth the Chopper (level 4, -3/40 HPs)
             Began as a Mountain Dwarf Cinder Acolyte on Mar 22, 2024.
             Was a High Priest of Ignis.
             Slain by a gnoll
             ... wielding a +0 club
              (6 damage)
             ... on level 4 of the Dungeon.
             The game lasted 00:02:51 (1933 turns).

cforsyth the Chopper (MDCA)                         Turns: 1933, Time: 00:02:52

Health: -3/40      AC:  8    Str: 19    XL:     4   Next: 15%
Magic:  1/6        EV:  6    Int: 14    God:    Ignis [*****.]
Gold:   87         SH:  0    Dex:  5    Spells: 4/6 levels left

rFire   + . .        a - -1 hand axe (flame)
rCold   . . .        (no shield)
rNeg    . . .        i - +0 chain mail
rPois   .            (no helmet)
rElec   .            (no cloak)
rCorr   .            (no gloves)
SInv    .            (no boots)
Will    .....        (no amulet) Stlth
                     (no ring)
HPRegen 0.26/turn    (no ring)
MPRegen 0.10/turn

%: no passive effects
@: no status effects
A: runic magic, artefact enchanting
a: Renounce Religion, Fiery Armour, Foxfire Swarm, Rising Flame


You were on level 4 of the Dungeon.
You worshipped Ignis.
Ignis was extremely pleased with you.
You visited 1 branch of the dungeon, and saw 3 of its levels.

You collected 87 gold pieces.


Innate Abilities, Weirdness & Mutations

Your spellcasting is much less encumbered by armour.
You can use scrolls of enchantment on lesser artefacts.


   Skills:
 + Level 3.8 Fighting
 + Level 4.2 Axes
 + Level 1.6 Armour
 + Level 1.6 Spellcasting
 + Level 4.2 Fire Magic


You had 4 spell levels left.
You knew the following spells:

 Your Spells              Type           Power      Damage    Failure   Level
X - Scorch                Fire           26%        2d6       12%         2

Your spell library contained the following spells:

 Spells                   Type           Power      Damage    Failure   Level
 Apportation              Tloc           2%         N/A       41%         1
 Jinxbite                 Hex            2%         N/A       54%         2
 Alistair's Intoxication  Alch           0%         N/A       100%        5

Inventory:

Hand Weapons
 a - a -1 hand axe of flaming (weapon)
Armour
 i - a +0 chain mail (worn)
Scrolls
 c - a scroll of brand weapon {unknown}
 d - a scroll of teleportation {unknown}
 e - 4 scrolls of identify {unknown}

Dungeon Overview and Level Annotations

Branches:
Dungeon (2/15)

Altars:
Uskayaw

Portals:
Sewer: D:4

Annotations:
D:2 1 runed translucent door, Crazy Yiuf

#.....# #.#
**#.,...#### #.#
**#,,.....##.#####.#
*,..##.#..#........#
*,........##)#######
*,.##+##..##.#
*,.#~~~#.g##.#
*,.#~~S#.g##.###
*,.#~BS#..@....#
*,.#~~S#.....#.#
*,.#~~~#..####.#
**.#####...,,*,#
*.......##*,*,*
*######.* *,,,* ##*
*****


You could see 2 gnolls, 3 adders and a giant cockroach.


Message History

The gnoll barely misses you.
You hit the gnoll. You burn the gnoll.
The gnoll is moderately wounded.
The gnoll is no longer more vulnerable to fire.
The gnoll hits you from afar with a +0 halberd.
The gnoll hits you with a +0 club!
* * * LOW HITPOINT WARNING * * *
You are too injured to fight recklessly!
You are too injured to fight recklessly!
You are too injured to fight recklessly!
You are too injured to fight recklessly!
You are too injured to fight recklessly!
You are too injured to fight recklessly!
You are too injured to fight recklessly!
You hit the gnoll. You burn the gnoll.
The gnoll is heavily wounded.
The gnoll hits you but does no damage. The gnoll hits you with a +0 club.
* * * LOW HITPOINT WARNING * * *
You hit the gnoll. You burn the gnoll.
The gnoll is severely wounded.
The gnoll hits you from afar with a +0 halberd.
* * * LOW HITPOINT WARNING * * *
The gnoll hits you but does no damage.
Unknown command.
It was a potion of curing.
You feel better.
The gnoll hits you from afar with a +0 halberd!
* * * LOW HITPOINT WARNING * * *
The gnoll hits you with a +0 club.
You die...
Ignis goes out, and joins you in death.

Skill      XL: |  1  2  3 |
---------------+----------+-----
Armour         | 1 |  1.6
Axes           | 4 |  4.2
Fire Magic     | 4 |  4.2
Fighting       | |  3.8
Spellcasting   | |  1.6

Action                     |  1- 3 |  4- 6 || total
---------------------------+-------+-------++-------
  Melee: Hand axe          |    98 |     7 ||   105
   Cast: Scorch            |    16 |     3 ||    19
    Use: Scroll            |     3 |       ||     3
         Potion            |       |     1 ||     1
 Armour: Robe              |    46 |       ||    46
         Chain mail        |    24 |    14 ||    38
  Dodge: Dodged            |    53 |     3 ||    56

Levels and vault maps discovered:
D:1:      dpeg_arrival_round_c, layout_basic
D:2:      layout_basic, basic_altar, uniq_crazy_yiuf_cottage, uniq_natasha
D:4:      layout_basic, amcnicky_altar_gilded, led_sif_book,
          mainiacjoe_overflow_catwalk, gup_sewer_entry_glass, uniq_grinder

Notes
Turn   | Place    | Note
-------+----------+-------------------------------------------
     0 | D:1      | cforsyth the Mountain Dwarf Cinder Acolyte began the quest
                  | for the Orb.
     0 | D:1      | Reached XP level 1. HP: 19/19 MP: 2/2
   149 | D:1      | Reached XP level 2. HP: 26/26 MP: 3/3
   331 | D:1      | Learned a level 2 spell: Scorch
   479 | D:1      | Reached skill level 1 in Armour
   613 | D:1      | HP: 1/26 [quokka (3)]
   615 | D:1      | Reached skill level 4 in Axes
   785 | D:1      | Reached XP level 3. HP: 28/31 MP: 5/5
  1142 | D:2      | Reached skill level 4 in Fire Magic
  1315 | D:2      | Found a runed translucent door.
  1316 | D:2      | Noticed Crazy Yiuf
  1330 | D:2      | Found a hide-covered altar of Uskayaw.
  1817 | D:2      | You fall into a shaft and drop 2 floors!
  1886 | D:4      | Reached XP level 4. HP: 40/40 MP: 3/6
  1918 | D:4      | Found a glowing drain.
  1933 | D:4      | HP: 3/40 [gnoll/+0 halberd (11)]
  1933 | D:4      | Slain by a gnoll

Vanquished Creatures
  A gnoll (D:4)
  2 adders (D:2)
  2 ribbon worms (D:2)
  2 dart slugs (D:1)
  4 ball pythons
  An endoplasm (D:1)
  5 goblins
  5 hobgoblins
  2 jackals (D:1)
  6 kobolds
  A quokka (D:1)
  4 bats
  3 frilled lizards
  5 rats
43 creatures vanquished.

Table legend: (Time is in decaauts)
 A = Elapsed time spent in this place.
 B = Non-inter-level travel time spent in this place.
 C = Inter-level travel time spent in this place.
 D = Time resting spent in this place.
 E = Time spent auto-exploring this place.
 F = Levels seen in this place.
 G = Mean time per level.
                   A        B        C        D        E       F      G
               +--------+--------+--------+--------+--------+-----+--------+
         Total |   1943 |   1875 |     68 |     53 |   1477 |   3 |  647.7 |
       Dungeon |   1943 |   1875 |     68 |     53 |   1477 |   3 |  647.7 |
               +--------+--------+--------+--------+--------+-----+--------+

Top non-repeatable levels by time:
     D:1: 1142 daAuts
     D:2: 684 daAuts
     D:4: 116 daAuts

Table legend:
 A = Non-vault XP
 B = Vault XP
 C = Vault XP percentage of total XP
 D = Non-vault monster count
 E = Vault monster count
 F = Vault count percentage of total count
                 A         B        C        D         E       F
            +---------+---------+-------+---------+---------+-------
      Total |     112 |       0 |   0.0 |      43 |       0 |   0.0
            +---------+---------+-------+---------+---------+-------
        D:1 |      42 |       0 |   0.0 |      25 |       0 |   0.0
        D:2 |      54 |       0 |   0.0 |      16 |       0 |   0.0
        D:4 |      16 |       0 |   0.0 |       2 |       0 |   0.0
            +---------+---------+-------+---------+---------+-------
